 Dungeon Crawl Stone Soup version 0.20-a0-848-g73d9be0 (console) character file.

2034 nht the Cruncher (level 9, -1/80 HPs)
             Began as an Ogre Gladiator on Mar 9, 2017.
             Was a Follower of Ashenzari.
             Slain by a hippogriff (7 damage)
             ... on level 7 of the Dungeon.
             The game lasted 00:11:25 (6658 turns).

nht the Cruncher (Ogre Gladiator)                   Turns: 6658, Time: 00:11:26

Health: -1/80      AC:  6    Str: 20    XL:     9   Next: 24%
Magic:  8/8        EV: 10    Int: 12    God:    Ashenzari [*.....]
Gold:   357        SH:  0    Dex: 13    Spells: 8/8 levels left

rFire    . . .     SeeInvis .   a - +1 quarterstaff (curse)
rCold    + + .     Gourm    .   y - +0 robe of Iggaem {rC+ rN+ MR+} (curse)
rNeg     + . .     Faith    .   (shield currently unavailable)
rPois    .         Spirit   .   c - +2 hat (curse)
rElec    .         Reflect  .   s - +0 cloak
rCorr    .         Harm     .   (gloves unavailable)
MR       +....                  (boots unavailable)
Stlth    +.........             q - amulet of rage
Regen    0.3/turn               j - +3 ring of dexterity
MPRegen  0.2/turn               i - ring of protection from cold

@: no status effects
A: unfitting armour, low mp 1, tough skin 1
a: Curse Item, Scrying, Renounce Religion, Evoke Berserk Rage


You were on level 7 of the Dungeon.
You worshipped Ashenzari.
Ashenzari was aware of your devotion.
You were not hungry.

You visited 1 branch of the dungeon, and saw 7 of its levels.

You collected 357 gold pieces.

Inventory:

Hand Weapons
 a - a cursed +1 quarterstaff (weapon)
Missiles
 d - 4 throwing nets (quivered)
 t - 6 tomahawks
Armour
 c - a cursed +2 hat (worn)
 s - a +0 cloak (worn)
 y - the cursed +0 robe of Iggaem (worn) {rC+ rN+ MR+}
   (You found it on level 5 of the Dungeon)

   It protects you from cold.
   It protects you from negative energy.
   It affects your resistance to hostile enchantments.
   It has a curse placed upon it.
Jewellery
 i - a ring of protection from cold (left hand)
 j - a +3 ring of dexterity (right hand)
 p - an uncursed amulet of faith
 q - an amulet of rage (around neck)
Wands
 u - a wand of polymorph (5/24)
Scrolls
 e - 7 scrolls of identify
 g - 4 scrolls of teleportation
 m - 2 scrolls of fear
 v - 3 scrolls of enchant weapon
Potions
 h - a potion of heal wounds
 n - a potion of mutation
 o - a potion of invisibility
Books
 k - a book of Maledictions

   Spells                             Type                      Level
   a - Corona                         Hexes                        1
   b - Ensorcelled Hibernation        Hexes/Ice                    2
   c - Confuse                        Hexes                        3
   d - Tukima's Dance                 Hexes                        3
   e - Dazzling Spray                 Conjuration/Hexes            3
Comestibles
 b - 11 chunks of flesh
 f - 7 bread rations
 l - 4 meat rations
 r - 3 royal jellies
 w - 2 fruits


   Skills:
 - Level 2.6 Fighting
 + Level 12.0 Staves
 - Level 2.0 Throwing
 - Level 2.6 Dodging


You had 8 spell levels left.
You didn't know any spells.

Dungeon Overview and Level Annotations

Branches:
Dungeon (7/15)             Temple (0/1) D:7

Altars:
Ashenzari
Uskayaw

Annotations:
D:5 exclusion: 2 doors


Innate Abilities, Weirdness & Mutations

You are too large for most types of armour.
You have tough skin. (AC +1)
Your magical capacity is low. (-10% MP)


Message History

* * * LOW HITPOINT WARNING * * *
You completely miss the hippogriff.
The hippogriff is heavily wounded.
The hippogriff bites you!
* * * LOW HITPOINT WARNING * * *
The hippogriff closely misses you. The hippogriff misses you.
You are too injured to fight recklessly!
You hit the hippogriff.
The hippogriff is heavily wounded.
The hippogriff barely misses you. x3
You thump the hippogriff!
The hippogriff is severely wounded.
You closely miss the hippogriff.
The hippogriff is severely wounded.
The hippogriff bites you.
* * * LOW HITPOINT WARNING * * *
The hippogriff pecks you.
* * * LOW HITPOINT WARNING * * *
The hippogriff claws you!
You die...

█.....█ █..)....█
█.███.█████.......█
+.+>█.'.5.█.).)...█
█.███.█.5.o...█...█
█
█.....█.o.███.█...█
████.


███'███████ █.█...█ ......███.......█ █...... █.....H.......█ ███...█
█.█.███@......█ █...█ .. ██)██████ █...█ ██████████.█ █...█ █...)))†...█ █...█
█.██████████ █...█ █████ You could see a hippogriff.

Vanquished Creatures
  The ghost of nht the Twirler, an amateur OgGl of Okawaru (D:3)
  A yak (D:5)
  A sky beast (D:6)
  3 ogres
  A centaur (D:5)
  A gnoll sergeant (D:7)
  A bullfrog (D:6)
  A scorpion (D:4)
  A bullfrog zombie (D:7)
  2 crimson imps
  A centaur zombie (D:6)
  3 jellies
  A hound (D:5)
  2 orc priests
  A centaur skeleton (D:6)
  6 orc wizards
  Terence (D:2)
  Natasha (twice) (D:2)
  2 iguanas (D:6)
  3 worker ants
  A howler monkey zombie (D:6)
  10 gnolls
  6 adders
  2 shadow imps
  2 oozes (D:1)
  An adder zombie (D:7)
  2 worms
  4 leopard geckos
  28 orcs
  3 ball pythons
  4 giant cockroaches
  5 goblins
  7 hobgoblins
  11 jackals
  3 kobolds
  2 quokkas (D:4)
  4 bats
  3 frilled lizards
  A leopard gecko skeleton (D:7)
  25 rats
159 creatures vanquished.

Vanquished Creatures (collateral kills)
  A hungry ghost (D:7)
  An ogre (D:7)
  2 gnolls (D:7)
4 creatures vanquished.

Grand Total: 163 creatures vanquished

Notes
Turn   | Place    | Note
-------+----------+-------------------------------------------
     0 | D:1      | nht the Ogre Gladiator began the quest for the Orb.
     0 | D:1      | Reached XP level 1. HP: 22/22 MP: 1/1
    44 | D:1      | Reached XP level 2. HP: 9/29 MP: 2/2
   283 | D:1      | Reached skill level 4 in Staves
   392 | D:1      | Reached XP level 3. HP: 23/36 MP: 3/3
   718 | D:2      | Noticed Terence
   724 | D:2      | Killed Terence
   724 | D:2      | Reached XP level 4. HP: 37/44 MP: 4/4
   744 | D:2      | Noticed Natasha
   754 | D:2      | Killed Natasha
   754 | D:2      | Reached skill level 5 in Staves
  1176 | D:2      | Noticed Natasha
  1184 | D:2      | Killed Natasha
  1184 | D:2      | Reached XP level 5. HP: 38/50 MP: 5/5
  1592 | D:3      | Reached skill level 6 in Staves
  1831 | D:3      | Noticed a dagger
  1831 | D:3      | Noticed a dagger
  1835 | D:3      | Found a hide-covered altar of Uskayaw.
  2133 | D:4      | Reached XP level 6. HP: 57/59 MP: 6/6
  2178 | D:4      | Gained mutation: You are dopey. (Int -2) [potion of mutation]
  2178 | D:4      | Gained mutation: Your magical capacity is low. (-10% MP) [potion of mutation]
  2178 | D:4      | Lost mutation: You are dopey. (Int -2) [potion of mutation]
  2271 | D:4      | Reached skill level 7 in Staves
  2529 | D:3      | Noticed nht's ghost (amateur OgGl)
  2563 | D:3      | Killed nht's ghost
  2563 | D:3      | Reached skill level 8 in Staves
  2563 | D:3      | Reached XP level 7. HP: 66/66 MP: 6/6
  3774 | D:5      | Entered Level 5 of the Dungeon
  3900 | D:5      | Reached skill level 9 in Staves
  4029 | D:5      | Found a shattered altar of Ashenzari.
  4040 | D:5      | Reached XP level 8. HP: 48/74 MP: 7/7
  4085 | D:5      | Became a worshipper of Ashenzari the Shackled
  4625 | D:5      | Got the uncursed robe of Iggaem {rC+ rN+ MR+}
  4636 | D:5      | Identified the +0 robe of Iggaem {rC+ rN+ MR+} (You found it on level 5 of the Dungeon)
  4732 | D:5      | Noticed a yak
  4744 | D:5      | Killed a yak
  4744 | D:5      | Reached skill level 10 in Staves
  5816 | D:6      | Reached skill level 11 in Staves
  6350 | D:7      | Reached * piety under Ashenzari
  6366 | D:7      | Reached XP level 9. HP: 72/80 MP: 8/8
  6469 | D:7      | Found a staircase to the Ecumenical Temple.
  6532 | D:7      | HP: 4/80 [gnoll/halberd of protection (8)]
  6533 | D:7      | Reached skill level 12 in Staves
  6658 | D:7      | Slain by a hippogriff

Vault maps used:
D:1:      erik_arrival_gehennom
D:2:      first_bread, hangedman_abyss_or_decor_lesser_grid, serial_park_tiny_2,
          uniq_natasha, uniq_terence
D:3:      dancing_weapons_uskayaw, kennysheep_minor_cross
D:4:      minmay_misc_feat_more_columns, minmay_rat_hole
D:5:      cheibrodos_two_vegetables, ashenzari_altar_1
D:7:      nemelex_xobeh_ov_fountains_minmay, nicolae_overflow_hidden_temple,
          minmay_temple_entry_glassed_door

Skill      XL: |  1  2  3  4  5  6  7  8  9 |
---------------+----------------------------+-----
Staves         | 4 5 6 8 9 11 12 | 12.0
Fighting       | |  2.6
Throwing       | |  2.0
Dodging        | |  2.6

Action                   |  1- 3 |  4- 6 |  7- 9 || total
-------------------------+-------+-------+-------++-------
Melee: Quarterstaff      |    66 |   197 |   313 ||   576
Invok: Curse Item        |       |       |     3 ||     3
  Use: Potion            |       |     6 |     4 ||    10
       Scroll            |       |     3 |    10 ||    13
 Stab: Sleeping          |     1 |     1 |     2 ||     4
  Eat: Chunk             |       |     5 |    14 ||    19
Armor: Robe              |    18 |    28 |    73 ||   119
       Skin              |       |    81 |       ||    81
Dodge: Dodged            |    41 |    60 |   107 ||   208
